 Dungeon Crawl Stone Soup version 0.28-b1-25-g9875b3fc8c (webtiles) character file.

Game seed: 7493674630577252461

5411 crazypyro the Cleaver (level 10, -7/72 (75) HPs)
             Began as a Minotaur Fighter on Jan 31, 2022.
             Was an Initiate of Gozag.
             Mangled by an orc warrior (14 damage)
             ... led by the wrath of Beogh
             ... in a bailey.
             The game lasted 00:15:15 (9295 turns).

crazypyro the Cleaver (Minotaur Fighter)            Turns: 9295, Time: 00:15:17

HP:   -7/72 (75)    AC: 12    Str: 23 (24) XL:     10   Next: 40%
MP:   9/9           EV: 11    Int:  2 (5)  God:    Gozag
Gold: 132           SH:  5    Dex:  9 (11) Spells: 9/9 levels left

rFire   + + .      SeeInvis +   C - +1 broad axe
rCold   + . .      Faith    .   c - +0 buckler
rNeg    + . .      Spirit   .   I - +1 scale mail "Hyfeof" {rF++ rC+ SInv Stlth-}
rPois   .          Reflect  .   (helmet restricted)
rElec   .          Harm     .   L - +0 cloak
rCorr   .          Rampage  .   (no gloves)
Will    +....                   A - +1 pair of boots
Stlth   ..........              (no amulet)
HPRegen 0.22/turn               q - ring of willpower
MPRegen 0.11/turn               h - ring of positive energy

@: lightly drained
A: horns 2, retaliatory headbutt, frail 1, screaming 1
a: Renounce Religion, Potion Petition, Call Merchant, Bribe Branch


You were in a bailey.
You worshipped Gozag.
Gozag was aware of your devotion.
You visited 2 branches of the dungeon, and saw 9 of its levels.
You also visited: Bailey.

You collected 393 gold pieces.
You spent 169 gold pieces at shops.
You paid 92 gold pieces to Gozag.

Inventory:

Hand Weapons
 a - a +0 war axe
 e - a +0 vorpal war axe
 y - a +1 war axe of freezing
 C - a +1 broad axe (weapon)
 D - a +0 broad axe
 H - the +1 shortbow "Waser" {freeze, Int+4 Dex+4}
   (You took it off a spriggan in a bailey)

   Any ammunition fired from it freezes those it strikes, dealing additional
   cold damage.
   It can also slow down cold-blooded creatures.
   Int:       It affects your intelligence (+4).
   Dex:       It affects your dexterity (+4).
 M - a +2 quarterstaff of chaos
Armour
 b - a +0 scale mail
 c - a +0 buckler (worn)
 d - the +3 steam dragon scales of the Hart {rElec rPois Int+4}
   (You took it off a spriggan in a bailey)

   Int:       It affects your intelligence (+4).
   rElec:     It insulates you from electricity.
   rPois:     It protects you from poison.
 p - a +0 chain mail
 A - a +1 pair of boots (worn)
 I - the +1 scale mail "Hyfeof" (worn) {rF++ rC+ SInv Stlth-}
   (You found it on level 7 of the Dungeon)

   rF:        It greatly protects you from fire.
   rC:        It protects you from cold.
   SInv:      It lets you see invisible.
   Stlth:     It makes you less stealthy.
 L - a +0 cloak (worn)
Jewellery
 h - a ring of positive energy (right hand)
 k - a ring of protection from fire
 q - a ring of willpower (left hand)
 z - a +4 ring of protection
Wands
 u - a wand of mindburst (19)
 B - a wand of iceblast (23)
Scrolls
 f - 2 scrolls of blinking
 j - 4 scrolls of identify
 m - 4 scrolls of fear
 o - 3 scrolls of enchant armour
 r - 4 scrolls of teleportation
 w - a scroll of noise
 F - a scroll of summoning
 G - a scroll of magic mapping {unknown}
 J - a scroll of fog {unknown}
 K - a scroll of immolation {unknown}
Potions
 g - a potion of resistance {unknown}
 i - 3 potions of mutation
 l - a potion of flight {unknown}
 n - a potion of invisibility {unknown}
 s - 2 potions of curing
 t - 4 potions of degeneration
 v - 2 potions of lignification
 x - a potion of ambrosia {unknown}
 E - a potion of attraction {unknown}


   Skills:
 + Level 6.6 Fighting
 + Level 14.8 Axes
 + Level 6.6 Armour
 + Level 4.9 Dodging
 + Level 6.6 Shields


You had 9 spell levels left.
You didn't know any spells.
Your spell library contained the following spells:

 Spells                   Type           Power      Damage    Failure   Level
 Ensorcelled Hibernation  Hex/Ice        0%         N/A       96%         2
 Passwall                 Tmut/Erth      0%         N/A       96%         2
 Conjure Flame            Conj/Fire      0%         6-21      99%         3
 Ignite Poison            Fire/Tmut/Pois 0%         N/A       99%         3
 Swiftness                Air            0%         N/A       99%         3
 Animate Dead             Necr           0%         N/A       100%        4
 Sticky Flame             Conj/Fire      0%         2d3       100%        4
 Haunt                    Necr/Summ      0%         N/A       100%        7
 Infestation              Necr           0%         N/A       100%        8


Dungeon Overview and Level Annotations

Branches:
Dungeon (8/15)             Temple (1/1) D:7          Bailey (1/1)
   Lair: D:8-11

Altars:
Ashenzari
Cheibriados
Dithmenos
Fedhas
Gozag
Hepliaklqana
Kikubaaqudgha
Makhleb
Nemelex Xobeh
Okawaru
Qazlal
Ru
Sif Muna
Trog
Uskayaw
Vehumet
Wu Jian
Xom
Yredelemnul
Zin
The Shining One

Shops:
D:5 *   D:7 !!!*

Annotations:
D:5 1 runed translucent door, pkoi's ghost, novice MiFi


Innate Abilities, Weirdness & Mutations

You have a pair of horns on your head.
You reflexively headbutt those who attack you in melee.
You are frail. (-10% HP)
You occasionally shout uncontrollably at your foes.


Message History

The ice devil disappears in a puff of smoke!
The orc warrior hits you with a +0 glaive.
* * * LOW HITPOINT WARNING * * *
You slash the orc warrior! Your headbutt misses the orc warrior.
The orc warrior is heavily wounded.
The orc warrior barely misses you.
You slash the orc warrior!
You kill the orc warrior!
That felt strangely unrewarding.
You are too injured to fight recklessly!
The orc priest seems to regain its courage.
The orc priest misses you. You furiously retaliate!
You headbutt the orc priest! You barely miss the orc warrior.
You headbutt the orc warrior.
The orc warrior is lightly wounded.
You slash the orc priest!
You kill the orc priest!
That felt strangely unrewarding.
The orc warrior barely misses you.
You barely miss the orc warrior.
The orc warrior is lightly wounded.
You barely miss the orc warrior.
The orc warrior hits you with a +0 scimitar.
* * * LOW HITPOINT WARNING * * *
The orc warrior hits you with a +0 mace.
* * * LOW HITPOINT WARNING * * *
You slash the orc warrior!
The orc warrior is moderately wounded.
You closely miss the orc warrior. The orc warrior completely misses you.
You hit the orc warrior but do no damage.
The orc warrior is moderately wounded.
You slash the orc warrior!
The orc warrior hits you with a +0 mace.
* * * LOW HITPOINT WARNING * * *
You hit the orc warrior. Your headbutt misses the orc warrior.
The orc warrior is heavily wounded.
You barely miss the orc warrior. The orc warrior misses you.
You furiously retaliate!
You headbutt the orc warrior.
The orc warrior hits you with a +0 mace!
You die...
Your body crumbles into a pile of gold.

#######
.o.....##
..o.....## ###
#).## ##.##
##..## ##...##
##o@## #.....#
##o.###.....##
♣..≈≈≈..∩...#
#..o≈≈......#
#..≈≈≈......#
#..≈≈≈......#
#).≈≈≈..∩...#
##..###.....##
##..## #.....#


You could see 2 orc warriors and an orc.

Vanquished Creatures
  An orc high priest (Bailey)
  Maggie (D:8)
  4 spriggans (Bailey)
  6 yaks (D:7)
  4 orc warriors
  A hornet zombie (D:6)
  A sky beast (D:7)
  A necrophage (D:4)
  7 ogres
  A centaur (D:5)
  2 kobold brigands (D:7)
  Blork the orc (D:4)
  2 bullfrogs (D:6)
  9 scorpions
  A water moccasin skeleton (D:5)
  2 howler monkeys (D:5)
  A bullfrog zombie (D:6)
  A jelly (D:6)
  Crazy Yiuf (D:7)
  A centaur skeleton (D:7)
  3 orc priests
  A bullfrog skeleton (D:7)
  3 hounds
  3 iguanas
  Ijyb (D:4)
  3 orc wizards
  A scorpion zombie (D:5)
  A killer bee zombie (D:7)
  4 gnolls (D:4)
  10 adders
  An adder skeleton (D:4)
  A worm (D:2)
  3 dart slugs
  13 orcs
  7 endoplasms
  3 giant cockroaches
  9 goblins
  7 hobgoblins
  2 jackals (D:1)
  6 quokkas
  3 ball pythons
  4 bats
  6 frilled lizards
  14 kobolds
  7 rats
164 creatures vanquished.

Vanquished Creatures (collateral kills)
  Pikel (D:4)
  Menkaure (D:4)
  Edmund (D:4)
  An ogre (D:4)
  2 lemures (D:4)
  2 orc priests
  4 gnolls (D:3)
  An orc (D:3)
  A goblin (D:4)
  A kobold (D:3)
15 creatures vanquished.

Vanquished Creatures (others)
  2 goblins (D:8)
2 creatures vanquished.

Grand Total: 181 creatures vanquished

Notes
Turn   | Place    | Note
-------+----------+-------------------------------------------
     0 | D:1      | crazypyro the Minotaur Fighter began the quest for the Orb.
     0 | D:1      | Reached XP level 1. HP: 19/19 MP: 0/0
    50 | D:1      | Reached skill level 3 in Axes
   242 | D:1      | Reached XP level 2. HP: 25/26 MP: 1/1
   418 | D:1      | Found a faded altar of an unknown god.
   429 | D:1      | Prayed at the altar of an unknown god.
   429 | D:1      | Became a worshipper of Nemelex Xobeh the Trickster
   429 | D:1      | Reached * piety under Nemelex Xobeh
   429 | D:1      | Received a gift from Nemelex Xobeh
   438 | D:1      | Reached skill level 4 in Axes
   649 | D:1      | Reached XP level 3. HP: 31/31 MP: 2/2
  1021 | D:2      | Noticed a scorpion
  1029 | D:2      | Killed a scorpion
  1030 | D:2      | Reached skill level 5 in Axes
  1030 | D:2      | Reached XP level 4. HP: 29/39 MP: 3/3
  1383 | D:2      | Reached skill level 6 in Axes
  1687 | D:2      | Reached ** piety under Nemelex Xobeh
  1928 | D:3      | Found a stormy altar of Qazlal.
  1966 | D:3      | Reached XP level 5. HP: 41/45 MP: 4/4
  2099 | D:3      | Received a gift from Nemelex Xobeh
  2126 | D:3      | Reached skill level 7 in Axes
  2439 | D:3      | Reached XP level 6. HP: 7/51 MP: 5/5
  2934 | D:4      | Noticed Menkaure
  2946 | D:4      | Reached skill level 8 in Axes
  2947 | D:4      | Killed Menkaure
  2948 | D:4      | Reached skill level 9 in Axes
  3230 | D:4      | Reached XP level 7. HP: 53/57 MP: 6/6
  3401 | D:4      | Noticed Edmund
  3403 | D:4      | Noticed Pikel
  3415 | D:4      | Killed Edmund
  3416 | D:4      | Reached skill level 10 in Axes
  3421 | D:4      | Killed Pikel
  3422 | D:4      | Reached skill level 11 in Axes
  3422 | D:4      | Reached XP level 8. HP: 38/64 MP: 7/7
  3503 | D:4      | Reached skill level 12 in Axes
  3726 | D:4      | Noticed Ijyb
  3736 | D:4      | Killed Ijyb
  4036 | D:4      | Noticed Blork the orc
  4044 | D:4      | Killed Blork the orc
  4325 | D:5      | Entered Level 5 of the Dungeon
  4365 | D:5      | Reached skill level 13 in Axes
  4652 | D:5      | Found Qimmihue's Mayhem Merchandise.
  4660 | D:5      | Bought a +0 broad axe for 52 gold pieces
  4660 | D:5      | Bought a +0 broad axe for 52 gold pieces
  4687 | D:5      | Received a gift from Nemelex Xobeh
  4781 | D:5      | Reached *** piety under Nemelex Xobeh
  4879 | D:5      | Noticed pkoi's ghost (novice MiFi)
  4882 | D:5      | Found a runed translucent door.
  5052 | D:5      | Reached XP level 9. HP: 71/71 MP: 8/8
  5211 | D:5      | Reached skill level 1 in Dodging
  5307 | D:5      | Received a gift from Nemelex Xobeh
  5764 | D:5      | Reached skill level 14 in Axes
  6347 | D:6      | Received a gift from Nemelex Xobeh
  6596 | D:7      | Found Fonn's Overcharged Wands.
  6606 | D:7      | Reached skill level 5 in Fighting
  6606 | D:7      | Reached skill level 5 in Armour
  6606 | D:7      | Reached skill level 5 in Shields
  6910 | D:7      | Found Nel Reh's Distillery.
  6918 | D:7      | Reached XP level 10. HP: 83/83 MP: 9/9
  6922 | D:7      | Bought a potion of heal wounds for 65 gold pieces
  6932 | D:7      | Identified the +1 scale mail "Hyfeof" {rF++ rC+ SInv
                  | Stlth-}
  7129 | D:7      | Reached **** piety under Nemelex Xobeh
  7216 | D:7      | Found Nagav's Distillery.
  7463 | D:7      | Found Xeimeh's Distillery.
  7496 | D:7      | Received a gift from Nemelex Xobeh
  7697 | D:7      | Found a runed translucent door.
  7698 | D:7      | Noticed Crazy Yiuf
  7874 | D:7      | Found a staircase to the Ecumenical Temple.
  8247 | D:7      | Killed Crazy Yiuf
  8315 | Temple   | Entered the Ecumenical Temple
  8396 | Temple   | Fell from the grace of Nemelex Xobeh
  8396 | Temple   | Became a worshipper of Gozag Ym Sagoz the Greedy
  8485 | D:8      | Found a flagged portal.
  8485 | D:8      | Noticed Maggie
  8502 | D:8      | Killed Maggie
  8594 | Bailey   | Entered a bailey
  9073 | Bailey   | Identified the +1 shortbow "Waser" {freeze, Int+4 Dex+4}
  9073 | Bailey   | Identified the +3 steam dragon scales of the Hart {rElec
                  | rPois Int+4}
  9267 | Bailey   | Noticed an orc high priest
  9267 | Bailey   | Gained mutation: You occasionally shout uncontrollably at
                  | your foes. [potion of mutation]
  9267 | Bailey   | Gained mutation: You are frail. (-10% HP) [potion of
                  | mutation]
  9276 | Bailey   | Noticed an orange demon
  9286 | Bailey   | Killed an orc high priest
  9295 | Bailey   | Mangled by an orc warrior

Illustrated notes

Levels and vault maps discovered:
D:1:      mrwooster_arrival_statue, layout_loops_corners,
          basic_ecumenical_altar, minmay_misc_feat_plants
D:2:      layout_loops_cross
D:3:      layout_basic, nicolae_qazlal_general_emergency, serial_park_tiny_pond
D:4:      layout_loops_ring, nicolae_zen_rock_garden, guppyfry_early_orc_mine,
          uniq_pikel, uniq_menkaure, uniq_blork_the_orc, uniq_edmund, uniq_ijyb
D:5:      layout_loops_corners, serial_rivers, chequers_serial_rivers_room_a,
          chequers_serial_rivers_micro_e, chequers_serial_rivers_room_b,
          chequers_serial_rivers_marsh, chequers_serial_rivers_small_a,
          chequers_serial_rivers_micro_c, hellmonk_ghost_happy_afterlife,
          minmay_shop_mayhem, hangedman_abyss_or_decor_stabs,
          chequers_serial_rivers_micro_d, minmay_fountain_box
D:6:      layout_rooms, kennysheep_generic_room_9
D:7:      layout_layer_cave, temple_green, serial_shops,
          nicolae_shop_advertising_works [nicolae_subvault_shop_adworks], shop,
          nicolae_shop_crystal, serial_rivers, chequers_serial_rivers_room_a,
          chequers_serial_rivers_small_a, chequers_serial_rivers_marsh,
          chequers_serial_rivers_micro_d, chequers_serial_rivers_micro_a,
          chequers_serial_rivers_room_a, nicolae_shop_overcharged_wands,
          uniq_crazy_yiuf_cottage
D:8:      layout_basic, enter_bailey_5, uniq_prince_ribbit1, uniq_maggie
Temple:   nicolae_temple_the_god_donut
Bailey:   bailey_polearm_enchanted_keep_hellmonk, bailey

Skill      XL: |  1  2  3  4  5  6  7  8  9 10 |
---------------+-------------------------------+-----
Axes           | 3 4 5 6 7 9 11 13 14 | 14.8
Dodging        | 3 4 |  4.9
Fighting       | 5 6 |  6.6
Shields        | 5 6 |  6.6
Armour         | 5 6 |  6.6

Action                   |  1- 3 |  4- 6 |  7- 9 | 10-12 || total
-------------------------+-------+-------+-------+-------++-------
Melee: War axe           |    58 |    73 |   102 |       ||   233
       Headbutt          |     8 |    13 |    40 |    22 ||    83
       Broad axe         |       |       |   114 |   113 ||   227
Invok: Draw Summoning    |       |     3 |     1 |       ||     4
       Draw Destruction  |       |       |     5 |       ||     5
  Use: Scroll            |       |     1 |     7 |     1 ||     9
       Potion            |       |       |       |     5 ||     5
Armor: Scale mail        |    18 |    25 |    38 |    28 ||   109
       Chain mail        |       |       |    53 |     2 ||    55
Dodge: Dodged            |    26 |    38 |    83 |    62 ||   209
Block: Buckler           |     8 |    16 |    32 |    21 ||    77
